 Dungeon Crawl Stone Soup version 0.17-a0-1404-gb8113a6 (webtiles) character file.

162 urechis the Spear-Bearer (level 5, 0/38 HPs)
             Began as a Merfolk Gladiator on June 21, 2015.
             Killed from afar by an orc wizard (12 damage)
             ... with a puff of flame
             ... on level 3 of the Dungeon.
             The game lasted 00:04:32 (2010 turns).

urechis the Spear-Bearer (Merfolk Gladiator)        Turns: 2010, Time: 00:04:32

Health: 0/38       AC:  4    Str: 16    XL:     5   Next: 43%
Magic:  5/5        EV: 13    Int: 10    God:
Gold:   135        SH:  0    Dex: 15    Spells: 0 memorised, 4 levels left

rFire  . . .     SeeInvis .     a - +0 trident
rCold  . . .     Clarity  .     b - +0 leather armour
rNeg   . . .     SustAt   .     (no shield)
rPois  +         Gourm    .     o - +0 helmet {Int+3}
rElec  .         Spirit   .     (no cloak)
rCorr  .         Warding  .     (no gloves)
rMut   .         Stasis   .     (no boots)
MR     .....                    (no amulet)
Stlth  +.........               (no ring)
                                m - ring of poison resistance

@: confused, not resistant to hostile enchantments, very unstealthy
A: change form in water, swift swim
a: no special abilities


You were on level 3 of the Dungeon.
You were not hungry.

You visited 1 branch of the dungeon, and saw 3 of its levels.

You collected 135 gold pieces.

Inventory:

Hand weapons
 a - a +0 trident (weapon)
Missiles
 e - 3 throwing nets (quivered)
Armour
 b - a +0 leather armour (worn)
 g - a +2 shield
 o - a +0 helmet of intelligence (worn)
Jewellery
 m - a ring of poison resistance (left hand)
Scrolls
 c - a scroll of recharging {unknown}
 f - 6 scrolls of identify {unknown}
 j - a scroll of random uselessness {unknown}
 k - a scroll of blinking {unknown}
 l - 2 scrolls of enchant armour {unknown}
 r - a scroll of enchant weapon {unknown}
Potions
 h - 2 potions of brilliance {unknown}
 i - a potion of curing {unknown}
 n - a potion of poison {unknown}
 q - a potion of cure mutation {unknown}
Comestibles
 d - 2 bread rations
 p - a royal jelly
 s - a beef jerky
 t - 2 chunks of flesh


   Skills:
 - Level 2.1 Fighting
 + Level 8.6 Polearms
 - Level 2.0 Throwing
 - Level 4.0 Dodging


You had 4 spell levels left.
You didn't know any spells.

Dungeon Overview and Level Annotations

Branches:
Dungeon (3/15)

Altars:


Message History

Something hits you.
Attack whom?
Press: ? - help, Dir - move target cursor, f/p - orc
Aim: an orc, wielding a mace and wearing a ring mail You reach to attack!
You hit the orc.
You kill the orc!
Something hits you but does no damage.
The orc throws a tomahawk.
The tomahawk misses you.
Attack whom?
Press: ? - help, Dir - move target cursor You miss something.
You hear some strange, mumbled words.
You are confused.
The orc throws a tomahawk.
The tomahawk barely misses you.
You hit something. Something hits you.
You barely miss something.
The orc throws a tomahawk.
The tomahawk misses you.
You hear some strange, mumbled words.
A puff of flame appears from out of thin air!
The puff of flame hits you!
You die...

#.... #....
....## .....
>.......# ...#
#.....#.# .o#
#.......## #)#
#...)..... #{#
#.......#
#@#######.......#
#.#.............#
#().............#
###.#####....#.##
#.# #....#.###
#.# #.........
#+# #...##†###
#...##)# #...##)#


You could see an orc.

Vanquished Creatures
  2 orc wizards (D:3)
  5 adders (D:2)
  2 worms (D:2)
  5 giant geckos
  4 orcs (D:3)
  5 bats
  2 giant cockroaches
  7 hobgoblins
  2 quokkas (D:2)
  A ball python (D:1)
  A giant newt (D:1)
  6 goblins
  6 kobolds
  5 rats
53 creatures vanquished.

Vanquished Creatures (others)
  4 toadstools (D:1)
4 creatures vanquished.

Grand Total: 57 creatures vanquished

Notes
Turn   | Place    | Note
--------------------------------------------------------------
     0 | D:1      | urechis the Merfolk Gladiator began the quest for the Orb.
     0 | D:1      | Reached XP level 1. HP: 16/16 MP: 1/1
   114 | D:1      | Reached skill level 5 in Polearms
   176 | D:1      | Reached XP level 2. HP: 22/22 MP: 2/2
   731 | D:2      | Reached skill level 6 in Polearms
   731 | D:2      | Reached XP level 3. HP: 24/27 MP: 3/3
  1042 | D:2      | Reached XP level 4. HP: 18/33 MP: 4/4
  1055 | D:2      | Reached skill level 7 in Polearms
  1812 | D:3      | Reached skill level 8 in Polearms
  1812 | D:3      | Reached XP level 5. HP: 8/38 MP: 5/5
  2010 | D:3      | Killed from afar by an orc wizard

Vault maps used:
D:1:      ldierk_walled_garden_2, columned_hall_lemuel
D:2:      minmay_surrounded

Action                   |  1- 3 |  4- 6 || total
-------------------------+-------+-------++-------
Melee: Trident           |    83 |   125 ||   208
 Stab: Sleeping          |     1 |     1 ||     2
  Eat: Chunk             |       |     4 ||     4
